Mustangs vs Inferno
Created - October 31, 2019 at 19:27
Goals
|
| Mustangs |
3 |
1 |
2 |
6 |
| Inferno |
1 |
2 |
0 |
3 |
|
Shots
|
| Mustangs |
16 |
8 |
12 |
36 |
| Inferno |
10 |
9 |
15 |
34 |
|
1st period
1. Mustangs , Nick Schmaltz 2 (Curtis Hamilton 2, Danny Biega 3) at 0:54
2. Mustangs , Melker Karlsson 5 (Craig Smith 7, Ben Harpur 1) at 7:12
3. Mustangs , Melker Karlsson 6 (Craig Smith 8) at 10:52
4. Inferno , Kevin Labanc 2 (Philip Varone 2, Anders Lee 5) at 13:09
Penalties :
Dakota Mermis (Ham) for Tripping (Minor) at 4:06, Ben Harpur (Ham) for Holding (Minor) at 14:57
2nd period
5. Inferno , Matthew Nieto 3 (Kevin Labanc 4, Philip Varone 3) at 16:39
6. Mustangs , Max Gortz 2 (Stefan Matteau 3, Alexei Marchenko 6) at 17:10
7. Inferno , Ryan Spooner 2 (Tyler Shattock 2) at 19:16
Penalties :
Stefan Matteau (Ham) for Boarding (Minor) at 10:23, Craig Smith (Ham) for Holding (Minor) at 19:19
3rd period
8. Mustangs , Max Gortz 3 (Stefan Matteau 4, Scott Mayfield 3) at 3:46
9. Mustangs , Joshua Leivo 2 (Ben Harpur 2) at 12:39
Penalties :
No Penalty
Goalie Stats
Chet Pickard (Ham), 31 saves from 34 shots - (0.912), W, 2-2-0, 60:00 minutes
Christopher Gibson (Anc), 30 saves from 36 shots - (0.833), L, 2-3-0, 60:00 minutes
Players Stats for Mustangs
Player Name G A P +/- PIM S H SB GA TA FO MP PP MP PK MP
------------------------------------------------------------------------------------
Alex Tuch 0 0 0 1 0 2 1 0 0 0 1/1 11:52 0:00 0:00
Alexei Marchenko 0 1 1 3 0 3 1 3 0 1 0/0 27:19 0:00 4:36
Ben Harpur 0 2 2 1 2 1 3 1 0 1 0/0 20:02 0:00 2:31
Craig Smith 0 2 2 3 2 3 0 2 0 0 3/5 20:25 0:00 2:54
Curtis Hamilton 0 1 1 1 0 3 2 0 0 0 0/0 12:46 0:00 0:51
Dakota Mermis 0 0 0 1 2 1 0 0 0 0 0/0 18:30 0:00 2:34
Danny Biega 0 1 1 -1 0 0 0 2 0 3 0/0 15:10 0:00 1:42
Iven Barbashev 0 0 0 -2 0 2 1 1 0 0 1/2 7:55 0:00 0:00
Josh Ho-Sang 0 0 0 -2 0 0 1 0 0 0 0/0 7:55 0:00 0:00
Joshua Leivo 1 0 1 3 0 2 3 1 1 0 1/3 21:17 0:00 4:11
JT Compher 0 0 0 1 0 1 0 0 0 0 1/1 14:42 0:00 0:00
Matthew Finn 0 0 0 -1 0 1 0 1 0 1 0/0 13:21 0:00 0:01
Max Gortz 2 0 2 1 0 3 2 0 0 0 0/1 14:42 0:00 0:00
Melker Karlsson 2 0 2 3 0 6 3 2 1 0 15/29 21:32 0:00 4:26
Michael McCarron 0 0 0 -2 0 1 1 0 0 0 0/0 9:23 0:00 1:25
Nick Schmaltz 1 0 1 1 0 2 0 0 1 0 1/6 12:22 0:00 0:04
Scott Mayfield 0 1 1 3 0 1 1 0 0 0 0/0 25:39 0:00 4:28
Stefan Matteau 0 2 2 1 2 4 1 0 0 0 7/9 17:08 0:00 2:01
Players Stats for Inferno
Player Name G A P +/- PIM S H SB GA TA FO MP PP MP PK MP
------------------------------------------------------------------------------------
Anders Lee 0 1 1 -2 0 3 5 0 0 0 12/30 22:03 4:18 0:00
Bryan Rust 0 0 0 -2 0 3 1 0 0 1 1/4 17:43 0:00 0:00
Christian Folin 0 0 0 -2 0 3 2 2 0 0 0/0 22:41 4:55 0:00
Colby Robak 0 0 0 -2 0 3 0 1 1 0 0/0 19:04 0:00 0:00
David Savard 0 0 0 -2 0 0 1 1 0 0 0/0 24:45 3:01 0:00
Esa Lindell 0 0 0 -2 0 3 2 0 0 1 0/0 25:11 4:55 0:00
Frank Corrado 0 0 0 1 0 2 2 0 1 0 0/0 15:45 3:01 0:00
Kevin Labanc 1 1 2 1 0 2 4 0 1 0 0/0 17:58 3:28 0:00
Mathieu Brodeur 0 0 0 1 0 0 0 0 0 0 0/0 12:34 0:00 0:00
Matt Kassian 0 0 0 -2 0 1 1 0 0 0 0/0 10:48 0:00 0:00
Matthew Nieto 1 0 1 1 0 3 0 0 0 0 0/0 18:11 3:28 0:00
Oliver Bjorkstrand 0 0 0 -2 0 0 2 0 0 1 2/3 14:59 4:06 0:00
Peter Cehlarik 0 0 0 0 0 0 0 0 1 0 0/0 8:51 0:03 0:00
Philip Varone 0 2 2 1 0 1 0 0 0 0 8/11 14:46 0:10 0:00
Ryan Spooner 1 0 1 0 0 2 0 1 0 0 1/2 8:48 0:00 0:00
Tanner Pearson 0 0 0 -2 0 4 1 0 0 0 1/3 22:10 4:25 0:00
Tyler Shattock 0 1 1 0 0 3 1 0 0 0 0/0 9:20 0:22 0:00
Victor Rask 0 0 0 -2 0 1 0 1 2 0 2/4 14:23 3:28 0:00
3 Stars
1 - Melker Karlsson (Ham)
2 - Max Gortz (Ham)
3 - Joshua Leivo (Ham)
Power Play
Mustangs - 0 on 0 Attempt(s) - 0.00%
Inferno - 0 on 4 Attempt(s) - 0.00%
Penalty Kill
Mustangs - 4 on 4 Attempt(s) - 100.00%
- Score 0 goal in Penalty Kill
Inferno - 0 on 0 Attempt(s) - 0.00%
- Score 0 goal in Penalty Kill
Team Stat
Mustangs - Hits : 20 - Faceoff Wins : 30 - Blocked Shots : 13 - Penalty Minutes : 8
Inferno - Hits : 22 - Faceoff Wins : 27 - Blocked Shots : 6 - Penalty Minutes : 0
Official
Referees : Unknown
Linesman : Unknown
Game Notes
No Game Note
Finance
Level 1 -- Attendance: 1502 (75.10%) -- Ticket Income $60,080
Level 2 -- Attendance: 804 (80.40%) -- Ticket Income $16,080
Total Attendance: 2306 (76.87%)
Total Ticket Income: $76,160
Other Income: $3,808
Total Income: $79,968
Mustangs
5 vs 5 Forward
Center Left Wing Right Wing Time % Phy DF OF
1 Melker Karlsson Joshua Leivo Craig Smith 40 1 2 2
2 Stefan Matteau JT Compher Max Gortz 30 1 2 2
3 Nick Schmaltz Curtis Hamilton Alex Tuch 20 1 2 2
4 Iven Barbashev Michael McCarron Josh Ho-Sang 10 1 2 2
5 vs 5 Defense
Defense Defense Time % Phy DF OF
1 Alexei Marchenko Scott Mayfield 44 1 2 2
2 Dakota Mermis Ben Harpur 33 1 2 2
3 Matthew Finn Danny Biega 23 1 2 2
4 Alexei Marchenko Scott Mayfield 0 1 2 2
PowerPlay Forward
Center Left Wing Right Wing Time % Phy DF OF
1 Melker Karlsson Joshua Leivo Craig Smith 60 1 2 2
2 Stefan Matteau JT Compher Max Gortz 40 1 2 2
PowerPlay Defense
Defense Defense Time % Phy DF OF
1 Alexei Marchenko Scott Mayfield 60 1 2 2
2 Dakota Mermis Ben Harpur 40 1 2 2
Penalty Kill 4 Players Forward
Center Wing Time % Phy DF OF
1 Melker Karlsson Craig Smith 60 1 2 2
2 Stefan Matteau Joshua Leivo 40 1 2 2
Penalty Kill 4 Players Defense
Defense Defense Time % Phy DF OF
1 Alexei Marchenko Scott Mayfield 60 1 2 2
2 Dakota Mermis Ben Harpur 40 1 2 2
Penalty Kill - 3 Players Forward
Forward Time % Phy DF OF
1 Melker Karlsson 60 1 2 2
2 Stefan Matteau 40 1 2 2
Penalty Kill - 3 Players Defense
Defense Defense Time % Phy DF OF
1 Alexei Marchenko Scott Mayfield 60 1 2 2
2 Dakota Mermis Ben Harpur 40 1 2 2
4 vs 4 Forward
Center Wing Time % Phy DF OF
1 Melker Karlsson Joshua Leivo 60 1 2 2
2 Stefan Matteau JT Compher 40 1 2 2
4 vs 4 Defense
Defense Defense Time % Phy DF OF
1 Alexei Marchenko Scott Mayfield 60 1 2 2
2 Dakota Mermis Ben Harpur 40 1 2 2
Last Minutes Offensive
Center Left Wing Right Wing Defense Defense
Melker Karlsson JT Compher Craig Smith Alexei Marchenko Scott Mayfield
Last Minutes Defensive
Center Left Wing Right Wing Defense Defense
Melker Karlsson Joshua Leivo Craig Smith Alexei Marchenko Scott Mayfield
Goaltenders
Starting : Chet Pickard
Backup : Anthony Stolarz
Extra Forwards
Normal : Melker Karlsson, Stefan Matteau, Nick Schmaltz - PP : JT Compher, Alex Tuch - PK : Melker Karlsson
Extra Defensemen
Normal : Alexei Marchenko, Scott Mayfield, Dakota Mermis - PP : Scott Mayfield - PK : Alexei Marchenko, Danny Biega
Penalty Shots
Melker Karlsson, Alex Tuch, JT Compher, Joshua Leivo, Stefan Matteau
Scratches
Ryan Graves (Healthy), Jim O'Brien (Healthy), Kurtis Gabriel (Healthy), Raphael Bussieres (Healthy), Sam Kurker (Healthy)
Ryan Pulock (Sore Left Knee Injury), Brett Pollock (Healthy), Steven Spinner (Healthy), Joacim Eriksson (Healthy)
Inferno
5 vs 5 Forward
Center Left Wing Right Wing Time % Phy DF OF
1 Anders Lee Tanner Pearson Bryan Rust 40 1 2 2
2 Philip Varone Matthew Nieto Kevin Labanc 30 1 2 2
3 Victor Rask Matt Kassian Oliver Bjorkstrand 20 1 2 2
4 Ryan Spooner Peter Cehlarik Tyler Shattock 10 1 2 2
5 vs 5 Defense
Defense Defense Time % Phy DF OF
1 Colby Robak David Savard 40 1 2 2
2 Esa Lindell Christian Folin 30 1 2 2
3 Frank Corrado Mathieu Brodeur 20 1 2 2
4 Esa Lindell David Savard 10 1 2 2
PowerPlay Forward
Center Left Wing Right Wing Time % Phy DF OF
1 Anders Lee Tanner Pearson Oliver Bjorkstrand 60 1 2 2
2 Victor Rask Matthew Nieto Kevin Labanc 40 1 2 2
PowerPlay Defense
Defense Defense Time % Phy DF OF
1 Esa Lindell Christian Folin 60 1 2 2
2 Frank Corrado David Savard 40 1 2 2
Penalty Kill 4 Players Forward
Center Wing Time % Phy DF OF
1 Anders Lee Bryan Rust 60 1 2 2
2 Philip Varone Matt Kassian 40 1 2 2
Penalty Kill 4 Players Defense
Defense Defense Time % Phy DF OF
1 Colby Robak Christian Folin 60 1 2 2
2 Mathieu Brodeur David Savard 40 1 2 2
Penalty Kill - 3 Players Forward
Forward Time % Phy DF OF
1 Bryan Rust 60 1 2 2
2 Matt Kassian 40 1 2 2
Penalty Kill - 3 Players Defense
Defense Defense Time % Phy DF OF
1 Colby Robak Christian Folin 60 1 2 2
2 Mathieu Brodeur David Savard 40 1 2 2
4 vs 4 Forward
Center Wing Time % Phy DF OF
1 Anders Lee Bryan Rust 60 1 2 2
2 Philip Varone Matt Kassian 40 1 2 2
4 vs 4 Defense
Defense Defense Time % Phy DF OF
1 Colby Robak Christian Folin 60 1 2 2
2 Esa Lindell David Savard 40 1 2 2
Last Minutes Offensive
Center Left Wing Right Wing Defense Defense
Anders Lee Tanner Pearson Bryan Rust Esa Lindell Christian Folin
Last Minutes Defensive
Center Left Wing Right Wing Defense Defense
Anders Lee Tanner Pearson Bryan Rust Colby Robak Christian Folin
Goaltenders
Starting : Christopher Gibson
Backup : Michael Hutchinson
Extra Forwards
Normal : Bryan Rust, Matthew Nieto, Oliver Bjorkstrand - PP : Matthew Nieto, Oliver Bjorkstrand - PK : Bryan Rust
Extra Defensemen
Normal : David Savard, Esa Lindell, Mathieu Brodeur - PP : Esa Lindell - PK : David Savard, Mathieu Brodeur
Penalty Shots
Anders Lee, Tanner Pearson, Oliver Bjorkstrand, Victor Rask, Bryan Rust
Scratches
Chris Brown (Healthy), Trevor Carrick (Healthy), Petteri Lindbohm (Healthy), Eric Karlsson (Healthy), John Gilmour (Healthy)
Vladimir Sobotka (Healthy), Vladimir Zharkov (Healthy), Ryan Donato (Healthy), Vladislav Kamenev (Healthy), Dominik Masin (Healthy)
Brandon Hickey (Healthy), Greg Pateryn (Healthy), Nathan Lieuwen (Healthy), Vitek Vanecek (Healthy)
% Time on Ice - Mustangs
Lines # - Real PCT - Wanted PCT - Time Play
Normal Forward
1 - 34% - 40% - 17:35
2 - 28% - 30% - 14:42
3 - 23% - 20% - 11:52
4 - 15% - 10% - 7:55
Normal Defense
1 - 42% - 44% - 21:39
2 - 34% - 33% - 17:42
3 - 24% - 23% - 12:43
4 - 0% - 0% - 0:00
PP Forward
1 - 0% - 60%
2 - 0% - 40%
PP Defense
1 - 0% - 60%
2 - 0% - 40%
PK Forward
1 - 78% - 60% - 6:13
2 - 22% - 40% - 1:43
PK Defense
1 - 54% - 60% - 4:17
2 - 46% - 40% - 3:39
PK3 Forward
1 - 0% - 60%
2 - 0% - 40%
PK3 Defense
1 - 0% - 60%
2 - 0% - 40%
44 Forward
1 - 0% - 60%
2 - 0% - 40%
44 Defense
1 - 0% - 60%
2 - 0% - 40%
Last Minute Offensive - 0:00
Last Minute Defensive - 0:00
Total
Forward - 60:00
Defense - 60:00
|
% Time on Ice - Inferno
Lines # - Real PCT - Wanted PCT - Time Play
Normal Forward
1 - 34% - 40% - 17:45
2 - 28% - 30% - 14:43
3 - 21% - 20% - 10:48
4 - 17% - 10% - 8:48
Normal Defense
1 - 37% - 40% - 19:25
2 - 35% - 30% - 18:10
3 - 23% - 20% - 11:59
4 - 5% - 10% - 2:30
PP Forward
1 - 56% - 60% - 4:28
2 - 44% - 40% - 3:28
PP Defense
1 - 62% - 60% - 4:55
2 - 38% - 40% - 3:01
PK Forward
1 - 0% - 60%
2 - 0% - 40%
PK Defense
1 - 0% - 60%
2 - 0% - 40%
PK3 Forward
1 - 0% - 60%
2 - 0% - 40%
PK3 Defense
1 - 0% - 60%
2 - 0% - 40%
44 Forward
1 - 0% - 60%
2 - 0% - 40%
44 Defense
1 - 0% - 60%
2 - 0% - 40%
Last Minute Offensive - 0:00
Last Minute Defensive - 0:00
Total
Forward - 60:00
Defense - 60:00
|
Play-by-Play
1st period
0:01 of 1st period - Melker Karlsson wins face-off versus Tanner Pearson in neutral zone.
0:42 of 1st period - Icing by Colby Robak.
0:43 of 1st period - Philip Varone wins face-off versus Nick Schmaltz in Inferno zone.
0:52 of 1st period - Snap shot by Curtis Hamilton.
0:52 of 1st period - Stopped by Christopher Gibson with a rebound.
0:54 of 1st period - Snap shot by Nick Schmaltz.
0:54 of 1st period - Goal by Nick Schmaltz - Mustangs : 1 - Inferno : 0.
0:55 of 1st period - Ryan Spooner wins face-off versus Iven Barbashev in neutral zone.
1:20 of 1st period - Esa Lindell is hit by Ben Harpur and loses puck.
1:54 of 1st period - Snap shot by Stefan Matteau.
1:54 of 1st period - Stopped by Christopher Gibson without a rebound.
1:55 of 1st period - Philip Varone wins face-off versus Nick Schmaltz in Inferno zone.
2:42 of 1st period - JT Compher is hit by Matt Kassian and loses puck.
3:54 of 1st period - Kevin Labanc is hit by Melker Karlsson and loses puck.
4:06 of 1st period - Minor Penalty to Dakota Mermis for Tripping.
4:07 of 1st period - Oliver Bjorkstrand wins face-off versus Melker Karlsson in Mustangs zone.
4:18 of 1st period - Slapshot by Tanner Pearson.
4:18 of 1st period - Shot Blocked by Craig Smith.
4:32 of 1st period - Alexei Marchenko is hit by Christian Folin and loses puck.
6:06 of 1st period - Penalty to Dakota Mermis is over, Dakota Mermis is back on ice.
6:26 of 1st period - Ryan Spooner is hit by Alex Tuch.
6:43 of 1st period - Danny Biega is hit by Frank Corrado and loses puck.
7:12 of 1st period - Wrist shot by Melker Karlsson.
7:12 of 1st period - Goal by Melker Karlsson - Mustangs : 2 - Inferno : 0.
7:13 of 1st period - Oliver Bjorkstrand wins face-off versus Joshua Leivo in neutral zone.
7:41 of 1st period - Wrist shot by Stefan Matteau.
7:41 of 1st period - Stopped by Christopher Gibson without a rebound.
7:42 of 1st period - Stefan Matteau wins face-off versus Anders Lee in Inferno zone.
7:52 of 1st period - Icing by Esa Lindell.
7:53 of 1st period - Craig Smith wins face-off versus Anders Lee in Inferno zone.
7:54 of 1st period - Slapshot by Melker Karlsson.
7:54 of 1st period - Stopped by Christopher Gibson with a rebound.
8:04 of 1st period - Wrist shot by Tanner Pearson.
8:04 of 1st period - Stopped by Chet Pickard without a rebound.
8:05 of 1st period - Anders Lee wins face-off versus Melker Karlsson in Mustangs zone.
8:06 of 1st period - Slapshot by Esa Lindell.
8:06 of 1st period - Shot Misses the Net.
8:14 of 1st period - Wrist shot by Bryan Rust.
8:14 of 1st period - Shot Misses the Net.
8:32 of 1st period - Alexei Marchenko is hit by Kevin Labanc and loses puck.
8:51 of 1st period - Snap shot by Max Gortz.
8:51 of 1st period - Shot Misses the Net.
8:53 of 1st period - Wrist shot by Stefan Matteau.
8:53 of 1st period - Stopped by Christopher Gibson without a rebound.
8:54 of 1st period - Victor Rask wins face-off versus Stefan Matteau in Inferno zone.
8:59 of 1st period - Snap shot by JT Compher.
8:59 of 1st period - Shot Blocked by Victor Rask.
9:01 of 1st period - Snap shot by Max Gortz.
9:01 of 1st period - Stopped by Christopher Gibson without a rebound.
9:02 of 1st period - Craig Smith wins face-off versus Anders Lee in Inferno zone.
9:15 of 1st period - Slapshot by Melker Karlsson.
9:15 of 1st period - Shot Blocked by Colby Robak.
9:55 of 1st period - Backhand shot by Alex Tuch.
9:55 of 1st period - Stopped by Christopher Gibson with a rebound.
9:57 of 1st period - Snap shot by Nick Schmaltz.
9:57 of 1st period - Stopped by Christopher Gibson with a rebound.
10:13 of 1st period - Backhand shot by Tyler Shattock.
10:13 of 1st period - Stopped by Chet Pickard with a rebound.
10:15 of 1st period - Wrist shot by Ryan Spooner.
10:15 of 1st period - Shot Blocked by Alexei Marchenko.
10:17 of 1st period - Slapshot by Colby Robak.
10:17 of 1st period - Deflect By Scott Mayfield.
10:17 of 1st period - Stopped by Chet Pickard with a rebound.
10:19 of 1st period - Slapshot by David Savard.
10:19 of 1st period - Deflect By Tyler Shattock.
10:19 of 1st period - Shot Misses the Net.
10:19 of 1st period - Puck is out of play.
10:20 of 1st period - Anders Lee wins face-off versus Melker Karlsson in Mustangs zone.
10:23 of 1st period - Snap shot by Bryan Rust.
10:23 of 1st period - Stopped by Chet Pickard with a rebound.
10:25 of 1st period - Snap shot by Esa Lindell.
10:25 of 1st period - Deflect By Melker Karlsson.
10:25 of 1st period - Stopped by Chet Pickard with a rebound.
10:27 of 1st period - Slapshot by Esa Lindell.
10:27 of 1st period - Deflect By Craig Smith.
10:27 of 1st period - Stopped by Chet Pickard with a rebound.
10:29 of 1st period - Slapshot by Esa Lindell.
10:29 of 1st period - Shot Blocked by Danny Biega.
10:31 of 1st period - Slapshot by Tanner Pearson.
10:31 of 1st period - Shot Misses the Net.
10:33 of 1st period - Snap shot by Christian Folin.
10:33 of 1st period - Stopped by Chet Pickard without a rebound.
10:34 of 1st period - Melker Karlsson wins face-off versus Anders Lee in Mustangs zone.
10:43 of 1st period - Wrist shot by Tanner Pearson.
10:43 of 1st period - Stopped by Chet Pickard without a rebound.
10:44 of 1st period - Melker Karlsson wins face-off versus Anders Lee in Mustangs zone.
10:44 of 1st period - Melker Karlsson is hit by Anders Lee.
10:52 of 1st period - Snap shot by Melker Karlsson.
10:52 of 1st period - Goal by Melker Karlsson - Mustangs : 3 - Inferno : 0.
10:53 of 1st period - Melker Karlsson wins face-off versus Anders Lee in neutral zone.
10:58 of 1st period - Snap shot by Melker Karlsson.
10:58 of 1st period - Stopped by Christopher Gibson with a rebound.
11:00 of 1st period - Snap shot by Craig Smith.
11:00 of 1st period - Deflect By Joshua Leivo.
11:00 of 1st period - Shot Misses the Net.
11:00 of 1st period - Puck is out of play.
11:01 of 1st period - Melker Karlsson wins face-off versus Anders Lee in Inferno zone.
11:33 of 1st period - Snap shot by Craig Smith.
11:33 of 1st period - Stopped by Christopher Gibson with a rebound.
11:41 of 1st period - Snap shot by Melker Karlsson.
11:41 of 1st period - Stopped by Christopher Gibson without a rebound.
11:42 of 1st period - JT Compher wins face-off versus Philip Varone in Inferno zone.
11:45 of 1st period - Wrist shot by Max Gortz.
11:45 of 1st period - Shot Misses the Net.
11:58 of 1st period - Backhand shot by Philip Varone.
11:58 of 1st period - Deflect By Stefan Matteau.
11:58 of 1st period - Shot Misses the Net.
11:58 of 1st period - Puck is out of play.
11:59 of 1st period - Nick Schmaltz wins face-off versus Victor Rask in Mustangs zone.
12:04 of 1st period - Esa Lindell is hit by Ben Harpur and loses puck.
12:30 of 1st period - Snap shot by Kevin Labanc.
12:30 of 1st period - Shot Misses the Net.
12:32 of 1st period - Slapshot by Christian Folin.
12:32 of 1st period - Shot Misses the Net.
12:34 of 1st period - Wrist shot by Matthew Nieto.
12:34 of 1st period - Stopped by Chet Pickard without a rebound.
12:35 of 1st period - Craig Smith wins face-off versus Anders Lee in Mustangs zone.
13:05 of 1st period - Snap shot by Kevin Labanc.
13:05 of 1st period - Shot Blocked by Matthew Finn.
13:09 of 1st period - Backhand shot by Kevin Labanc.
13:09 of 1st period - Goal by Kevin Labanc - Mustangs : 3 - Inferno : 1.
13:10 of 1st period - Stefan Matteau wins face-off versus Philip Varone in neutral zone.
13:21 of 1st period - Snap shot by Matthew Nieto.
13:21 of 1st period - Shot Blocked by Ben Harpur.
13:23 of 1st period - Slapshot by Mathieu Brodeur.
13:23 of 1st period - Shot Misses the Net.
13:37 of 1st period - Craig Smith is hit by Bryan Rust and loses puck.
14:02 of 1st period - Snap shot by Nick Schmaltz.
14:02 of 1st period - Deflect By Curtis Hamilton.
14:02 of 1st period - Stopped by Christopher Gibson without a rebound.
14:03 of 1st period - Victor Rask wins face-off versus Nick Schmaltz in Inferno zone.
14:34 of 1st period - Backhand shot by Curtis Hamilton.
14:34 of 1st period - Stopped by Christopher Gibson without a rebound.
14:35 of 1st period - Melker Karlsson wins face-off versus Anders Lee in Inferno zone.
14:42 of 1st period - Ben Harpur is hit by Anders Lee and loses puck.
14:57 of 1st period - Minor Penalty to Ben Harpur for Holding.
14:58 of 1st period - Melker Karlsson wins face-off versus Anders Lee in Mustangs zone.
14:58 of 1st period - Melker Karlsson is hit by Oliver Bjorkstrand.
16:18 of 1st period - Danny Biega is hit by Anders Lee and loses puck.
16:57 of 1st period - Penalty to Ben Harpur is over, Ben Harpur is back on ice.
17:45 of 1st period - Esa Lindell is hit by Iven Barbashev and loses puck.
18:53 of 1st period - Curtis Hamilton is hit by David Savard and loses puck.
19:28 of 1st period - Max Gortz is hit by Anders Lee and loses puck.
Goals for this period are 3 for Mustangs vs 1 for Inferno.
Shots for this period are 16 for Mustangs vs 10 for Inferno.
2nd period
0:01 of 2nd period - Melker Karlsson wins face-off versus Anders Lee in neutral zone.
0:04 of 2nd period - Tanner Pearson is hit by Melker Karlsson and loses puck.
1:33 of 2nd period - Wrist shot by Max Gortz.
1:33 of 2nd period - Shot Misses the Net.
1:47 of 2nd period - Slapshot by Alexei Marchenko.
1:47 of 2nd period - Stopped by Christopher Gibson without a rebound.
1:48 of 2nd period - Melker Karlsson wins face-off versus Tanner Pearson in Inferno zone.
1:49 of 2nd period - Snap shot by Craig Smith.
1:49 of 2nd period - Stopped by Christopher Gibson without a rebound.
1:50 of 2nd period - Anders Lee wins face-off versus Craig Smith in Inferno zone.
2:05 of 2nd period - Wrist shot by Craig Smith.
2:05 of 2nd period - Shot Blocked by David Savard.
3:01 of 2nd period - Tanner Pearson is hit by Melker Karlsson and loses puck.
3:36 of 2nd period - Backhand shot by Dakota Mermis.
3:36 of 2nd period - Stopped by Christopher Gibson with a rebound.
4:00 of 2nd period - Alex Tuch is hit by Christian Folin and loses puck.
5:01 of 2nd period - Snap shot by Bryan Rust.
5:01 of 2nd period - Stopped by Chet Pickard with a rebound.
5:09 of 2nd period - Snap shot by Tanner Pearson.
5:09 of 2nd period - Shot Misses the Net.
5:11 of 2nd period - Slapshot by Esa Lindell.
5:11 of 2nd period - Deflect By Bryan Rust.
5:11 of 2nd period - Shot Misses the Net.
5:11 of 2nd period - Puck is out of play.
5:12 of 2nd period - Philip Varone wins face-off versus Melker Karlsson in Mustangs zone.
6:04 of 2nd period - Snap shot by Ryan Spooner.
6:04 of 2nd period - Shot Misses the Net.
6:44 of 2nd period - Snap shot by Philip Varone.
6:44 of 2nd period - Stopped by Chet Pickard with a rebound.
6:50 of 2nd period - Matthew Nieto is hit by Michael McCarron and loses puck.
7:03 of 2nd period - Philip Varone is hit by Joshua Leivo and loses puck.
7:36 of 2nd period - Slapshot by JT Compher.
7:36 of 2nd period - Stopped by Christopher Gibson with a rebound.
8:24 of 2nd period - Snap shot by Anders Lee.
8:24 of 2nd period - Stopped by Chet Pickard without a rebound.
8:25 of 2nd period - Philip Varone wins face-off versus Nick Schmaltz in Mustangs zone.
8:26 of 2nd period - Wrist shot by Matthew Nieto.
8:26 of 2nd period - Stopped by Chet Pickard without a rebound.
8:27 of 2nd period - Philip Varone wins face-off versus Nick Schmaltz in Mustangs zone.
9:01 of 2nd period - Slapshot by Melker Karlsson.
9:01 of 2nd period - Deflect By Joshua Leivo.
9:01 of 2nd period - Stopped by Christopher Gibson without a rebound.
9:02 of 2nd period - Stefan Matteau wins face-off versus Bryan Rust in Inferno zone.
9:27 of 2nd period - Craig Smith is hit by Kevin Labanc and loses puck.
9:34 of 2nd period - Slapshot by Scott Mayfield.
9:34 of 2nd period - Shot Misses the Net.
10:07 of 2nd period - Slapshot by Scott Mayfield.
10:07 of 2nd period - Shot Blocked by Ryan Spooner.
10:23 of 2nd period - Minor Penalty to Stefan Matteau for Boarding.
10:24 of 2nd period - Anders Lee wins face-off versus Melker Karlsson in Mustangs zone.
10:27 of 2nd period - Slapshot by Christian Folin.
10:27 of 2nd period - Deflect By Anders Lee.
10:27 of 2nd period - Stopped by Chet Pickard with a rebound.
10:37 of 2nd period - Wrist shot by Anders Lee.
10:37 of 2nd period - Shot Misses the Net.
12:23 of 2nd period - Penalty to Stefan Matteau is over, Stefan Matteau is back on ice.
12:56 of 2nd period - Wrist shot by Max Gortz.
12:56 of 2nd period - Shot Misses the Net.
13:54 of 2nd period - Philip Varone is hit by Stefan Matteau.
15:02 of 2nd period - Iven Barbashev is hit by Frank Corrado and loses puck.
15:30 of 2nd period - Icing by Joshua Leivo.
15:31 of 2nd period - Stefan Matteau wins face-off versus Anders Lee in Mustangs zone.
15:40 of 2nd period - Christian Folin is hit by Alexei Marchenko and loses puck.
15:57 of 2nd period - Nick Schmaltz is hit by Tanner Pearson and loses puck.
16:08 of 2nd period - Anders Lee is hit by Ben Harpur.
16:14 of 2nd period - Esa Lindell is hit by Joshua Leivo and loses puck.
16:37 of 2nd period - Snap shot by Matthew Nieto.
16:37 of 2nd period - Shot Misses the Net.
16:39 of 2nd period - Snap shot by Matthew Nieto.
16:39 of 2nd period - Goal by Matthew Nieto - Mustangs : 3 - Inferno : 2.
16:40 of 2nd period - Philip Varone wins face-off versus Craig Smith in neutral zone.
17:08 of 2nd period - Wrist shot by Stefan Matteau.
17:08 of 2nd period - Shot Misses the Net.
17:10 of 2nd period - Wrist shot by Max Gortz.
17:10 of 2nd period - Goal by Max Gortz - Mustangs : 4 - Inferno : 2.
17:11 of 2nd period - Bryan Rust wins face-off versus Melker Karlsson in neutral zone.
17:16 of 2nd period - Wrist shot by Tanner Pearson.
17:16 of 2nd period - Stopped by Chet Pickard without a rebound.
17:17 of 2nd period - Anders Lee wins face-off versus Melker Karlsson in Mustangs zone.
17:26 of 2nd period - Snap shot by Anders Lee.
17:26 of 2nd period - Stopped by Chet Pickard with a rebound.
17:28 of 2nd period - Slapshot by Anders Lee.
17:28 of 2nd period - Shot Blocked by Craig Smith.
17:30 of 2nd period - Backhand shot by Tanner Pearson.
17:30 of 2nd period - Shot Misses the Net.
17:32 of 2nd period - Snap shot by Tanner Pearson.
17:32 of 2nd period - Shot Blocked by Melker Karlsson.
18:07 of 2nd period - Kevin Labanc is hit by Max Gortz and loses puck.
18:20 of 2nd period - Slapshot by JT Compher.
18:20 of 2nd period - Shot Misses the Net.
18:22 of 2nd period - Slapshot by Alexei Marchenko.
18:22 of 2nd period - Stopped by Christopher Gibson with a rebound.
18:24 of 2nd period - Snap shot by Stefan Matteau.
18:24 of 2nd period - Stopped by Christopher Gibson without a rebound.
18:25 of 2nd period - Anders Lee wins face-off versus Melker Karlsson in Inferno zone.
18:50 of 2nd period - Ben Harpur is hit by Oliver Bjorkstrand.
19:16 of 2nd period - Snap shot by Ryan Spooner.
19:16 of 2nd period - Goal by Ryan Spooner - Mustangs : 4 - Inferno : 3.
19:17 of 2nd period - Melker Karlsson wins face-off versus Bryan Rust in neutral zone.
19:19 of 2nd period - Minor Penalty to Craig Smith for Holding.
19:20 of 2nd period - Melker Karlsson wins face-off versus Anders Lee in Mustangs zone.
Goals for this period are 1 for Mustangs vs 2 for Inferno.
Shots for this period are 8 for Mustangs vs 9 for Inferno.
3rd period
0:01 of 3rd period - Melker Karlsson wins face-off versus Anders Lee in neutral zone.
0:21 of 3rd period - Alexei Marchenko is hit by Anders Lee and loses puck.
0:59 of 3rd period - Icing by David Savard.
1:00 of 3rd period - Stefan Matteau wins face-off versus Oliver Bjorkstrand in Inferno zone.
1:19 of 3rd period - Penalty to Craig Smith is over, Craig Smith is back on ice.
1:19 of 3rd period - Snap shot by Kevin Labanc.
1:19 of 3rd period - Shot Misses the Net.
1:21 of 3rd period - Snap shot by Kevin Labanc.
1:21 of 3rd period - Shot Blocked by Melker Karlsson.
1:23 of 3rd period - Slapshot by Matthew Nieto.
1:23 of 3rd period - Shot Misses the Net.
1:25 of 3rd period - Slapshot by Frank Corrado.
1:25 of 3rd period - Deflect By Scott Mayfield.
1:25 of 3rd period - Stopped by Chet Pickard without a rebound.
1:26 of 3rd period - Philip Varone wins face-off versus Stefan Matteau in Mustangs zone.
1:51 of 3rd period - Esa Lindell is hit by Curtis Hamilton and loses puck.
2:02 of 3rd period - Wrist shot by Bryan Rust.
2:02 of 3rd period - Stopped by Chet Pickard with a rebound.
3:18 of 3rd period - Slapshot by Tanner Pearson.
3:18 of 3rd period - Shot Misses the Net.
3:20 of 3rd period - Slapshot by Frank Corrado.
3:20 of 3rd period - Stopped by Chet Pickard without a rebound.
3:21 of 3rd period - Anders Lee wins face-off versus Melker Karlsson in Mustangs zone.
3:38 of 3rd period - Slapshot by Tanner Pearson.
3:38 of 3rd period - Stopped by Chet Pickard without a rebound.
3:39 of 3rd period - Stefan Matteau wins face-off versus Philip Varone in Mustangs zone.
3:44 of 3rd period - Snap shot by Scott Mayfield.
3:44 of 3rd period - Stopped by Christopher Gibson with a rebound.
3:46 of 3rd period - Snap shot by Stefan Matteau.
3:46 of 3rd period - Deflect By Max Gortz.
3:46 of 3rd period - Goal by Max Gortz - Mustangs : 5 - Inferno : 3.
3:47 of 3rd period - Anders Lee wins face-off versus Melker Karlsson in neutral zone.
4:09 of 3rd period - Icing by David Savard.
4:10 of 3rd period - Anders Lee wins face-off versus Max Gortz in Inferno zone.
4:17 of 3rd period - Stefan Matteau is hit by Kevin Labanc.
4:51 of 3rd period - Snap shot by Anders Lee.
4:51 of 3rd period - Shot Misses the Net.
5:29 of 3rd period - Snap shot by Melker Karlsson.
5:29 of 3rd period - Shot Blocked by Christian Folin.
5:35 of 3rd period - Wrist shot by Craig Smith.
5:35 of 3rd period - Stopped by Christopher Gibson without a rebound.
5:36 of 3rd period - Stefan Matteau wins face-off versus Anders Lee in Inferno zone.
5:39 of 3rd period - Snap shot by Max Gortz.
5:39 of 3rd period - Shot Misses the Net.
7:41 of 3rd period - Wrist shot by Tyler Shattock.
7:41 of 3rd period - Shot Misses the Net.
8:20 of 3rd period - Snap shot by Alex Tuch.
8:20 of 3rd period - Stopped by Christopher Gibson with a rebound.
8:40 of 3rd period - Danny Biega is hit by Kevin Labanc.
8:58 of 3rd period - Snap shot by Iven Barbashev.
8:58 of 3rd period - Shot Misses the Net.
9:29 of 3rd period - David Savard is hit by Joshua Leivo and loses puck.
10:20 of 3rd period - Craig Smith is hit by Tyler Shattock and loses puck.
10:44 of 3rd period - Snap shot by Iven Barbashev.
10:44 of 3rd period - Stopped by Christopher Gibson with a rebound.
10:46 of 3rd period - Snap shot by Iven Barbashev.
10:46 of 3rd period - Stopped by Christopher Gibson with a rebound.
10:48 of 3rd period - Snap shot by Michael McCarron.
10:48 of 3rd period - Stopped by Christopher Gibson with a rebound.
10:50 of 3rd period - Slapshot by Matthew Finn.
10:50 of 3rd period - Stopped by Christopher Gibson with a rebound.
11:43 of 3rd period - Off-side.
11:44 of 3rd period - Iven Barbashev wins face-off versus Ryan Spooner in neutral zone.
11:54 of 3rd period - Wrist shot by Tyler Shattock.
11:54 of 3rd period - Stopped by Chet Pickard without a rebound.
11:55 of 3rd period - Melker Karlsson wins face-off versus Bryan Rust in Mustangs zone.
12:10 of 3rd period - Snap shot by Melker Karlsson.
12:10 of 3rd period - Shot Misses the Net.
12:30 of 3rd period - Slapshot by Kevin Labanc.
12:30 of 3rd period - Stopped by Chet Pickard without a rebound.
12:31 of 3rd period - Anders Lee wins face-off versus Melker Karlsson in Mustangs zone.
12:39 of 3rd period - Slapshot by Joshua Leivo.
12:39 of 3rd period - Goal by Joshua Leivo - Mustangs : 6 - Inferno : 3.
12:40 of 3rd period - Anders Lee wins face-off versus Melker Karlsson in neutral zone.
13:09 of 3rd period - Slapshot by David Savard.
13:09 of 3rd period - Shot Misses the Net.
13:11 of 3rd period - Wrist shot by Philip Varone.
13:11 of 3rd period - Shot Misses the Net.
13:13 of 3rd period - Wrist shot by Matthew Nieto.
13:13 of 3rd period - Shot Blocked by Alexei Marchenko.
13:15 of 3rd period - Slapshot by Colby Robak.
13:15 of 3rd period - Stopped by Chet Pickard without a rebound.
13:16 of 3rd period - Philip Varone wins face-off versus Melker Karlsson in Mustangs zone.
13:19 of 3rd period - Wrist shot by Matthew Nieto.
13:19 of 3rd period - Shot Blocked by Joshua Leivo.
13:32 of 3rd period - Wrist shot by Melker Karlsson.
13:32 of 3rd period - Stopped by Christopher Gibson with a rebound.
13:42 of 3rd period - Ben Harpur is hit by Esa Lindell and loses puck.
13:49 of 3rd period - Snap shot by Stefan Matteau.
13:49 of 3rd period - Shot Misses the Net.
13:51 of 3rd period - Slapshot by Ben Harpur.
13:51 of 3rd period - Stopped by Christopher Gibson with a rebound.
14:15 of 3rd period - Victor Rask is hit by Scott Mayfield and loses puck.
14:34 of 3rd period - Backhand shot by Esa Lindell.
14:34 of 3rd period - Shot Blocked by Iven Barbashev.
14:36 of 3rd period - Snap shot by Tyler Shattock.
14:36 of 3rd period - Deflect By Ryan Spooner.
14:36 of 3rd period - Stopped by Chet Pickard with a rebound.
14:38 of 3rd period - Wrist shot by Tyler Shattock.
14:38 of 3rd period - Stopped by Chet Pickard without a rebound.
14:39 of 3rd period - Joshua Leivo wins face-off versus Anders Lee in Mustangs zone.
15:04 of 3rd period - Matthew Nieto is hit by Curtis Hamilton.
15:28 of 3rd period - Matthew Nieto is hit by Josh Ho-Sang and loses puck.
15:51 of 3rd period - Matthew Nieto is hit by Max Gortz and loses puck.
16:37 of 3rd period - Icing by Christian Folin.
16:38 of 3rd period - Alex Tuch wins face-off versus Victor Rask in Inferno zone.
17:01 of 3rd period - Slapshot by Christian Folin.
17:01 of 3rd period - Stopped by Chet Pickard with a rebound.
17:03 of 3rd period - Wrist shot by Victor Rask.
17:03 of 3rd period - Shot Blocked by Danny Biega.
17:05 of 3rd period - Slapshot by Matt Kassian.
17:05 of 3rd period - Shot Misses the Net.
17:07 of 3rd period - Slapshot by Esa Lindell.
17:07 of 3rd period - Stopped by Chet Pickard with a rebound.
17:09 of 3rd period - Wrist shot by Matt Kassian.
17:09 of 3rd period - Stopped by Chet Pickard without a rebound.
17:10 of 3rd period - Anders Lee wins face-off versus Joshua Leivo in Mustangs zone.
17:15 of 3rd period - Slapshot by Bryan Rust.
17:15 of 3rd period - Shot Misses the Net.
17:20 of 3rd period - Off-side.
17:21 of 3rd period - Melker Karlsson wins face-off versus Anders Lee in neutral zone.
17:24 of 3rd period - Backhand shot by Melker Karlsson.
17:24 of 3rd period - Shot Misses the Net.
17:26 of 3rd period - Slapshot by Alexei Marchenko.
17:26 of 3rd period - Deflect By Colby Robak.
17:26 of 3rd period - Stopped by Christopher Gibson with a rebound.
17:53 of 3rd period - Slapshot by David Savard.
17:53 of 3rd period - Shot Blocked by Alexei Marchenko.
17:55 of 3rd period - Snap shot by Kevin Labanc.
17:55 of 3rd period - Shot Misses the Net.
17:57 of 3rd period - Snap shot by Colby Robak.
17:57 of 3rd period - Stopped by Chet Pickard without a rebound.
17:58 of 3rd period - Tanner Pearson wins face-off versus Melker Karlsson in Mustangs zone.
17:59 of 3rd period - Slapshot by Christian Folin.
17:59 of 3rd period - Deflect By Joshua Leivo.
17:59 of 3rd period - Stopped by Chet Pickard without a rebound.
18:00 of 3rd period - Melker Karlsson wins face-off versus Anders Lee in Mustangs zone.
18:00 of 3rd period - Melker Karlsson is hit by Esa Lindell.
18:57 of 3rd period - Snap shot by Alex Tuch.
18:57 of 3rd period - Shot Blocked by Christian Folin.
18:59 of 3rd period - Snap shot by Alex Tuch.
18:59 of 3rd period - Shot Misses the Net.
19:17 of 3rd period - Slapshot by Esa Lindell.
19:17 of 3rd period - Deflect By Victor Rask.
19:17 of 3rd period - Stopped by Chet Pickard with a rebound.
Goals for this period are 2 for Mustangs vs 0 for Inferno.
Shots for this period are 12 for Mustangs vs 15 for Inferno.
Back to the Top